[Event "FIDE World Rapid Chess Championship 2021"]
[White "Volokitin, Andrei"]
[Black "Nakamura, Hikaru"]
[WhiteFideId "14107090"]
[BlackFideId "2016192"]
[WhiteElo "2631"]
[BlackElo "2836"]
[Result "1/2-1/2"]
[Round "05"]
[TimeControl "900+10"]
[Date "2021.12.26"]
[WhiteClock "0:01:59"]
[BlackClock "0:05:45"]

1. e4 e5 2. Nf3 Nc6 3. Bb5 Nf6 4. O-O Nxe4 5. d4 Nd6 6. Bxc6 dxc6 7. dxe5 Nf5 8. Qxd8+ Kxd8 9. h3 Bd7 10. Rd1 Be7 11. g4 Nh4 12. Nxh4 Bxh4 13. Nd2 Be7 14. Nf3 Ke8 15. Nd4 h5 16. Nf5 Bf8 17. Bg5 hxg4 18. hxg4 Bxf5 19. gxf5 Be7 20. Bxe7 Kxe7 21. Rd3 Rh5 22. Rad1 Rg5+ 23. Kf1 Rxf5 24. Rd7+ Ke6 25. Rxc7 Rh8 26. Rd6+ Kxe5 27. Rd2 b6 28. Rxa7 Rh1+ 29. Kg2 Rb1 30. b3 Ke6 31. Rc7 Rg5+ 32. Kf3 Rf5+ 33. Ke4 1/2-1/2


[Site "http://www.Chess.com"]

[Event "FIDE World Rapid Chess Championship 2021"]
[White "Vidit, Santosh Gujrathi"]
[Black "Vachier-Lagrave, Maxime"]
[WhiteFideId "5029465"]
[BlackFideId "623539"]
[WhiteElo "2629"]
[BlackElo "2773"]
[Result "1/2-1/2"]
[Round "05"]
[TimeControl "900+10"]
[Date "2021.12.26"]
[WhiteClock "0:07:16"]
[BlackClock "0:13:09"]

1. Nf3 d5 2. d4 Nf6 3. c4 dxc4 4. e3 e6 5. Bxc4 c5 6. O-O a6 7. b3 cxd4 8. Nxd4 Be7 9. Bb2 O-O 10. Nd2 b5 11. Be2 Bb7 12. a4 bxa4 13. Rxa4 Nbd7 14. Ra1 Nb6 15. Bf3 Qd7 16. Bxb7 Qxb7 17. Qf3 Qxf3 18. N2xf3 Rfc8 19. Rfc1 Rxc1+ 20. Rxc1 Nfd7 21. Nc6 Bf8 22. Na5 Bb4 23. Nc6 Bf8 24. Na5 Bb4 25. Nc6 Bf8 1/2-1/2


[Site "http://www.Chess.com"]

[Event "FIDE World Rapid Chess Championship 2021"]
[White "Dubov, Daniil"]
[Black "Anton Guijarro, David"]
[WhiteFideId "24126055"]
[BlackFideId "2285525"]
[WhiteElo "2735"]
[BlackElo "2627"]
[Result "0-1"]
[Round "05"]
[TimeControl "900+10"]
[Date "2021.12.26"]
[WhiteClock "0:00:14"]
[BlackClock "0:00:38"]

1. d4 d5 2. c4 e6 3. Nf3 dxc4 4. e3 Nf6 5. Bxc4 c5 6. O-O cxd4 7. exd4 Be7 8. Nc3 O-O 9. Re1 Nc6 10. a3 b6 11. Bg5 Bb7 12. Qd3 h6 13. Bf4 Bd6 14. Bxd6 Qxd6 15. d5 exd5 16. Nxd5 Nxd5 17. Bxd5 Rad8 18. Rad1 Qf6 19. Qe4 Rd7 20. h4 g6 21. Rc1 Re7 22. Qa4 Rxe1+ 23. Rxe1 Rd8 24. Qe4 Qd6 25. Rd1 Kg7 26. Rd2 Qf6 27. g4 g5 28. hxg5 hxg5 29. Qe3 Kh6 30. Bxc6 Bxc6 31. Nxg5 Kg6 32. Ne4 Qe7 33. f4 Bxe4 34. Rxd8 Qxd8 35. Qxe4+ Kg7 36. f5 Qd1+ 37. Kf2 Qd2+ 38. Qe2 Qf4+ 39. Kg2 Kh6 40. Kh3 f6 41. Kh4 a5 42. b3 Qc1 43. a4 Qf4 44. Qb2 Qg5+ 45. Kg3 Qe3+ 46. Kg2 Kg5 47. b4 Qe4+ 48. Kf2 Qxb4 49. Qe2 Qxg4 50. Qe8 Qxf5+ 51. Kg3 Qe5+ 0-1


[Site "http://www.Chess.com"]

[Event "FIDE World Rapid Chess Championship 2021"]
[White "Cheparinov, Ivan"]
[Black "Aronian, Levon"]
[WhiteFideId "2905540"]
[BlackFideId "13300474"]
[WhiteElo "2621"]
[BlackElo "2728"]
[Result "1-0"]
[Round "05"]
[TimeControl "900+10"]
[Date "2021.12.26"]
[WhiteClock "0:06:36"]
[BlackClock "0:00:34"]

1. d4 d5 2. c4 dxc4 3. Nf3 Nf6 4. e3 e6 5. Bxc4 a6 6. O-O c5 7. Re1 Nc6 8. Nc3 b5 9. Bd3 cxd4 10. exd4 Nb4 11. Bf1 Be7 12. Ne5 O-O 13. a3 Nbd5 14. Nc6 Qd6 15. Nxe7+ Qxe7 16. Bg5 Bb7 17. Nxd5 Bxd5 18. Rc1 Rac8 19. Qd2 h6 20. Bh4 Rfd8 21. Rxc8 Rxc8 22. Rc1 Rxc1 23. Qxc1 Qd8 24. Bxf6 gxf6 25. Qxh6 f5 26. h4 Qd6 27. Qg5+ Kh7 28. h5 Qf8 29. Bd3 Bc4 30. Bxc4 bxc4 31. d5 Qb8 32. h6 Qxb2 33. d6 1-0


[Site "http://www.Chess.com"]

[Event "FIDE World Rapid Chess Championship 2021"]
[White "Fedoseev, Vladimir"]
[Black "Jumabayev, Rinat"]
[WhiteFideId "24130737"]
[BlackFideId "13702661"]
[WhiteElo "2692"]
[BlackElo "2562"]
[Result "1-0"]
[Round "05"]
[TimeControl "900+10"]
[Date "2021.12.26"]
[WhiteClock "0:00:40"]
[BlackClock "0:00:11"]

1. Nf3 Nf6 2. c4 c6 3. g3 d5 4. Bg2 g6 5. b3 Bg7 6. Bb2 O-O 7. O-O a5 8. Nc3 Ne4 9. d4 Bf5 10. Ne5 Nxc3 11. Bxc3 Be6 12. cxd5 cxd5 13. Qd2 Nd7 14. Nd3 Nf6 15. f3 Bf5 16. Ne5 Qb6 17. Kh1 Rfc8 18. g4 Be6 19. e3 a4 20. Rfb1 Qc7 21. Bb4 axb3 22. axb3 Rxa1 23. Rxa1 Ne8 24. Nd3 Nd6 25. Bf1 Bd7 26. Rc1 Bc6 27. Ne5 Qb6 28. Bd3 Bf8 29. g5 Bb5 30. Bc5 Qa6 31. Bb1 Ne8 32. e4 dxe4 33. Bxe4 Nd6 34. Qf4 Be8 35. Bd3 Qa2 36. Rb1 Rd8 37. h4 Bg7 38. h5 gxh5 39. Kg1 Nc8 40. Qf5 b6 41. Bb4 Kf8 42. Bc3 Nd6 43. Qxh7 Rc8 44. Bb4 Bb5 45. Bxb5 Nxb5 46. Re1 Nxd4 47. Bxe7+ Kxe7 48. Qxg7 Ne2+ 49. Rxe2 1-0


[Site "http://www.Chess.com"]

[Event "FIDE World Rapid Chess Championship 2021"]
[White "Petrosian, Tigran L."]
[Black "Sarana, Alexey"]
[WhiteFideId "13301616"]
[BlackFideId "24133795"]
[WhiteElo "2621"]
[BlackElo "2680"]
[Result "1-0"]
[Round "05"]
[TimeControl "900+10"]
[Date "2021.12.26"]
[WhiteClock "0:00:32"]
[BlackClock "0:04:01"]

1. Nf3 d5 2. g3 g6 3. c4 c6 4. Qa4 Nf6 5. cxd5 Nxd5 6. Qd4 f6 7. Bg2 Nd7 8. O-O e5 9. Qh4 Bg7 10. Nc3 Qe7 11. d4 Nxc3 12. bxc3 e4 13. Nd2 f5 14. Qxe7+ Kxe7 15. f3 exf3 16. Bxf3 Nf6 17. e4 Be6 18. Rb1 b6 19. a4 Kd7 20. a5 b5 21. Ba3 fxe4 22. Nxe4 Nxe4 23. Bxe4 Rhe8 24. a6 Bc4 25. Rfe1 Bf8 26. Bc5 Rxe4 27. Rxe4 Bd3 28. Rbe1 Bxe4 29. Rxe4 Bd6 30. Kg2 Rf8 31. g4 g5 32. h3 h6 33. Re2 Bxc5 34. dxc5 Rf4 35. Rd2+ Kc7 36. Rf2 Rc4 37. Rf7+ Kc8 38. Rxa7 Rxc5 39. Rh7 Rxc3 40. Rh8+ Kc7 41. a7 1-0


[Site "http://www.Chess.com"]

[Event "FIDE World Rapid Chess Championship 2021"]
[White "Harsha, Bharathakoti"]
[Black "Movsesian, Sergei"]
[WhiteFideId "5078776"]
[BlackFideId "310204"]
[WhiteElo "2484"]
[BlackElo "2667"]
[Result "1/2-1/2"]
[Round "05"]
[TimeControl "900+10"]
[Date "2021.12.26"]
[WhiteClock "0:05:04"]
[BlackClock "0:01:44"]

1. d4 d5 2. Nf3 Nf6 3. g3 c6 4. Bg2 Bg4 5. c4 e6 6. Qb3 Qb6 7. Nc3 Nbd7 8. h3 Bh5 9. c5 Qxb3 10. axb3 a6 11. b4 Rc8 12. g4 Bg6 13. Bf4 Be7 14. Nd2 O-O 15. Nb3 Bd8 16. Bd6 Re8 17. f4 Bc7 18. Bxc7 Rxc7 19. Kd2 Rb8 20. Na5 h6 21. Rhc1 Kf8 22. Bf3 b6 23. cxb6 Rxb6 24. Ra4 Rb8 25. e3 Nb6 26. Ra3 Nc8 27. Na2 Nd6 28. Be2 Nb5 29. Bxb5 axb5 30. Rxc6 Rxc6 31. Nxc6 Rc8 32. Ra6 Ne4+ 33. Ke1 f6 34. Nc3 Nxc3 35. bxc3 Be8 36. Na5 Rxc3 37. Kd2 Ra3 38. Rxe6 Ra2+ 1/2-1/2


[Site "http://www.Chess.com"]

[Event "FIDE World Rapid Chess Championship 2021"]
[White "Firouzja, Alireza"]
[Black "Nihal, Sarin"]
[WhiteFideId "12573981"]
[BlackFideId "25092340"]
[WhiteElo "2656"]
[BlackElo "2500"]
[Result "1-0"]
[Round "05"]
[TimeControl "900+10"]
[Date "2021.12.26"]
[WhiteClock "0:00:27"]
[BlackClock "0:00:17"]

1. d4 d5 2. c4 e6 3. Nf3 Nf6 4. g3 Be7 5. Bg2 O-O 6. O-O dxc4 7. Qc2 b5 8. a4 b4 9. Nfd2 Nd5 10. Nxc4 c5 11. dxc5 Ba6 12. Ne3 Nd7 13. Nxd5 exd5 14. c6 Rc8 15. Bf4 Nc5 16. Rd1 d4 17. h4 h6 18. Bf3 Re8 19. Nd2 d3 20. exd3 Bxd3 21. Qc1 Bf8 22. Re1 Qf6 23. Rxe8 Rxe8 24. c7 Rc8 25. Qe1 Bd6 26. Bxd6 Qxd6 27. Rc1 Rxc7 28. Qe8+ Kh7 29. Qe3 Bf5 30. a5 Ne6 31. Rxc7 Qxc7 32. Nb3 Qc4 33. Kg2 Kg8 34. Nd2 Qc5 35. Qxc5 Nxc5 36. Bd5 Be6 37. Bxe6 fxe6 38. Kf3 Kf7 39. Ke3 e5 40. Ne4 Nb3 41. a6 Ke6 42. g4 Kd5 43. Ng3 g6 44. h5 gxh5 45. gxh5 Nd4 46. f4 Nc2+ 47. Kd2 exf4 48. Nf5 Nd4 49. Nxh6 Ke4 50. Ng4 Nf3+ 51. Ke2 Ng5 52. Nf2+ Kd4 53. h6 f3+ 54. Kd2 Kc4 55. Ke3 Kb5 56. Nd3 b3 57. Kf4 Nf7 58. h7 Kxa6 59. Kf5 Kb5 60. Kf6 Kc4 61. Nf2 Nh8 62. Kg7 Kd4 63. Kxh8 Ke3 64. Nh1 1-0


[Site "http://www.Chess.com"]

[Event "FIDE World Rapid Chess Championship 2021"]
[White "Niemann, Hans Moke"]
[Black "Alekseenko, Kirill"]
[WhiteFideId "2093596"]
[BlackFideId "4135539"]
[WhiteElo "2327"]
[BlackElo "2637"]
[Result "1-0"]
[Round "05"]
[TimeControl "900+10"]
[Date "2021.12.26"]
[WhiteClock "0:08:47"]
[BlackClock "0:00:28"]

1. d4 Nf6 2. c4 e6 3. Nc3 Bb4 4. e3 O-O 5. Bd3 d6 6. Ne2 b6 7. a3 Bxc3+ 8. Nxc3 Bb7 9. e4 Nbd7 10. O-O c5 11. d5 Ne5 12. Be2 exd5 13. exd5 Re8 14. f4 Ng6 15. Bd3 Bc8 16. h3 a6 17. a4 Bd7 18. Kh2 Qc8 19. f5 Ne5 20. Bg5 Kh8 21. Bxf6 gxf6 22. Ne4 Qd8 23. Bc2 Nxc4 24. Qh5 Rxe4 25. Bxe4 Qg8 26. Rf3 Qg5 27. Qxg5 fxg5 28. f6 Nd2 29. Re3 Re8 30. Rae1 Nc4 31. R3e2 Ne5 32. Bc2 h6 33. Kg3 Kg8 34. Rh1 b5 35. h4 g4 36. axb5 Bxb5 37. Re4 Rb8 38. Rd1 Bd7 39. Re2 Kf8 40. h5 Rxb2 41. Rb1 Rxb1 42. Bxb1 Bb5 43. Re4 Bc4 44. Kf4 Bxd5 45. Ra4 Bc4 46. Bf5 Ke8 47. Bxg4 Nxg4 48. Kxg4 Bd3 49. Ra3 c4 50. Kf4 Kd7 51. g4 Ke6 52. g5 hxg5+ 53. Kxg5 Ke5 54. Ra1 c3 55. Re1+ Be4 56. Kh6 Kxf6 57. Rxe4 d5 58. Re8 d4 59. Rc8 a5 60. Rc6+ Ke5 61. Kg7 Kd5 62. Rc8 a4 63. h6 a3 64. h7 a2 65. Ra8 c2 66. h8=Q c1=Q 67. Qh5+ Ke4 68. Re8+ Kd3 69. Qe2+ 1-0


[Site "http://www.Chess.com"]

[Event "FIDE World Rapid Chess Championship 2021"]
[White "Rapport, Richard"]
[Black "Muradli, Mahammad"]
[WhiteFideId "738590"]
[BlackFideId "13409301"]
[WhiteElo "2750"]
[BlackElo "2285"]
[Result "1-0"]
[Round "05"]
[TimeControl "900+10"]
[Date "2021.12.26"]
[WhiteClock "0:04:23"]
[BlackClock "0:00:13"]

1. e4 c5 2. Nc3 d6 3. Bc4 e6 4. a3 a6 5. Ba2 Nc6 6. d3 g6 7. Nge2 Bg7 8. Be3 Nge7 9. Qd2 Nd4 10. O-O O-O 11. Kh1 b5 12. Bh6 Nec6 13. Bxg7 Kxg7 14. Nxd4 Nxd4 15. Rae1 Bb7 16. Nd1 Qh4 17. f4 Rae8 18. c3 Nc6 19. f5 gxf5 20. Re3 Ne5 21. Rh3 Qf6 22. Ne3 Kh8 23. exf5 Qg5 24. Rg3 Qh6 25. d4 Nd7 26. dxc5 Nxc5 27. Qd4+ e5 28. Ng4 Qh4 29. Nxe5 Qxd4 30. cxd4 Ne4 31. Nxf7+ Rxf7 32. Bxf7 Nxg3+ 33. hxg3 Re2 34. d5 Kg7 35. Bh5 Re5 36. f6+ Kf8 37. g4 Bxd5 38. Rc1 Bc4 39. b3 Be6 40. Rc7 Re1+ 41. Kh2 Rf1 42. g5 h6 43. Re7 1-0


[Site "http://www.Chess.com"]

[Event "FIDE World Rapid Chess Championship 2021"]
[White "Wojtaszek, Radoslaw"]
[Black "Corrales Jimenez, Fidel"]
[WhiteFideId "1118358"]
[BlackFideId "3506690"]
[WhiteElo "2743"]
[BlackElo "2561"]
[Result "1-0"]
[Round "05"]
[TimeControl "900+10"]
[Date "2021.12.26"]
[WhiteClock "0:00:42"]
[BlackClock "0:00:31"]

1. d4 Nf6 2. c4 g6 3. Nf3 Bg7 4. g3 O-O 5. Bg2 d5 6. cxd5 Nxd5 7. O-O Nb6 8. Nc3 Nc6 9. e3 Re8 10. Re1 e5 11. d5 Na5 12. e4 c6 13. b4 Nac4 14. dxc6 bxc6 15. Nd2 Qd3 16. Qf3 Qxf3 17. Bxf3 Nxd2 18. Bxd2 Nc4 19. Bc1 a5 20. Rb1 Bf8 21. bxa5 Be6 22. a4 Rxa5 23. Bd1 h5 24. Kg2 Bc5 25. Bc2 Kg7 26. Nd1 Rd8 27. Ne3 Bxe3 28. Bxe3 Nxe3+ 29. Rxe3 Rc5 30. Bd1 Rd2 31. Ra3 Bg4 32. Raa1 Rc4 33. a5 Rxe4 34. Bxg4 hxg4 35. Re1 Rxe1 36. Rxe1 Kf6 37. Rc1 Rd6 38. a6 c5 39. Ra1 Rd8 40. a7 Ra8 41. f3 gxf3+ 42. Kxf3 Ke6 43. g4 f5 44. gxf5+ gxf5 45. h4 c4 46. h5 Kd5 47. h6 Kd4 48. h7 Kd3 49. Rd1+ Kc2 50. Rg1 f4 51. Rg8 Rxa7 52. h8=Q Ra3+ 53. Kf2 e4 54. Qd4 Rf3+ 55. Kg2 Re3 56. Qxc4+ Kd2 57. Rd8+ 1-0


[Site "http://www.Chess.com"]

[Event "FIDE World Rapid Chess Championship 2021"]
[White "Mamedyarov, Shakhriyar"]
[Black "Indjic, Aleksandar"]
[WhiteFideId "13401319"]
[BlackFideId "911925"]
[WhiteElo "2727"]
[BlackElo "2544"]
[Result "1-0"]
[Round "05"]
[TimeControl "900+10"]
[Date "2021.12.26"]
[WhiteClock "0:04:29"]
[BlackClock "0:05:07"]

1. d4 Nf6 2. Bg5 d5 3. Nd2 c5 4. dxc5 Qa5 5. Nf3 e6 6. e3 Ne4 7. Bd3 Nxc5 8. O-O Nxd3 9. cxd3 Nc6 10. Nb3 Qb6 11. e4 d4 12. e5 Bd7 13. Rc1 h6 14. Bh4 g5 15. Bg3 Be7 16. Nfd2 h5 17. Nc4 Qb5 18. h3 Qd5 19. Re1 b6 20. Nbd2 O-O-O 21. Ne4 Kb8 22. Nf6 Bxf6 23. exf6+ Ka8 24. Qb3 Bc8 25. Nxb6+ axb6 26. Qxb6 Bb7 27. Rc5 Qxc5 28. Qxc5 Rd5 29. Qa3+ Ra5 30. Qb3 h4 31. Bc7 Ra6 32. Rc1 Rc8 33. Bd6 Rd8 34. Bc7 Rc8 35. Bh2 Rg8 36. f3 Rd8 37. Rc5 g4 38. hxg4 h3 39. gxh3 Rh8 40. a3 1-0


[Site "http://www.Chess.com"]

[Event "FIDE World Rapid Chess Championship 2021"]
[White "Van Foreest, Jorden"]
[Black "Sargissian, Gabriel"]
[WhiteFideId "1039784"]
[BlackFideId "13300881"]
[WhiteElo "2563"]
[BlackElo "2693"]
[Result "1-0"]
[Round "05"]
[TimeControl "900+10"]
[Date "2021.12.26"]
[WhiteClock "0:10:13"]
[BlackClock "0:00:00"]

1. e4 e5 2. Nf3 Nc6 3. Bc4 Nf6 4. d3 Bc5 5. c3 d6 6. O-O a5 7. Re1 Ba7 8. Bg5 h6 9. Bh4 O-O 10. Nbd2 Be6 11. Bb5 g5 12. Bg3 Nh7 13. h3 Ne7 14. d4 f6 15. Bc4 Bf7 16. Bxf7+ Rxf7 17. Nc4 Nc6 18. Ne3 Ne7 19. Qb3 a4 20. Qc4 Kg7 21. Rad1 Qc8 22. Ng4 h5 23. Ne3 Rf8 24. Rd2 a3 25. b4 Bb6 26. dxe5 fxe5 27. Qe2 Qe6 28. c4 Bxe3 29. Qxe3 h4 30. Bh2 Ng6 31. c5 g4 32. hxg4 Qxg4 33. cxd6 h3 34. Bg3 hxg2 35. Nxe5 Qh5 36. Kxg2 Nxe5 37. dxc7 Nf6 38. Qc3 Ng6 39. Rd7+ Rf7 40. Rxf7+ Kxf7 41. c8=Q 1-0


[Site "http://www.Chess.com"]

[Event "FIDE World Rapid Chess Championship 2021"]
[White "Onyshchuk, Volodymyr"]
[Black "Bartel, Mateusz"]
[WhiteFideId "14114038"]
[BlackFideId "1112635"]
[WhiteElo "2687"]
[BlackElo "2543"]
[Result "1-0"]
[Round "05"]
[TimeControl "900+10"]
[Date "2021.12.26"]
[WhiteClock "0:02:15"]
[BlackClock "0:00:34"]

1. e4 e6 2. d4 d5 3. Bd3 dxe4 4. Bxe4 Nf6 5. Bf3 Nbd7 6. Nc3 Rb8 7. Nge2 b5 8. Ng3 Bb7 9. O-O Be7 10. Bxb7 Rxb7 11. d5 O-O 12. dxe6 fxe6 13. Qe2 b4 14. Qxe6+ Kh8 15. Nd5 Nxd5 16. Qxd5 c6 17. Qxc6 Rc7 18. Qe4 Nf6 19. Qe2 Bc5 20. Be3 Re8 21. Rad1 Qc8 22. Qf3 Bf8 23. Bd4 Rxc2 24. Nf5 Qc6 25. Qd3 Nh5 26. Ne3 Rxe3 27. Qxe3 h6 28. Rc1 Kg8 29. Qb3+ 1-0


[Site "http://www.Chess.com"]

[Event "FIDE World Rapid Chess Championship 2021"]
[White "Saric, Ivan"]
[Black "Kobalia, Mikhail"]
[WhiteFideId "14508150"]
[BlackFideId "4119150"]
[WhiteElo "2684"]
[BlackElo "2543"]
[Result "1-0"]
[Round "05"]
[TimeControl "900+10"]
[Date "2021.12.26"]
[WhiteClock "0:00:32"]
[BlackClock "0:00:26"]

1. e4 c6 2. d4 d5 3. e5 Bf5 4. Nf3 e6 5. Be2 Ne7 6. Nbd2 h6 7. O-O Nd7 8. Nb3 Bh7 9. a4 Ng6 10. a5 a6 11. Be3 Be7 12. c4 O-O 13. Nbd2 c5 14. cxd5 exd5 15. Qb3 cxd4 16. Bxd4 Nf4 17. Rfe1 Nc5 18. Bxc5 Bxc5 19. Bf1 Qd7 20. g3 Ne6 21. Bd3 Bg6 22. Bxg6 fxg6 23. Qd3 Rf5 24. b4 Bxb4 25. Nh4 Rf7 26. Nxg6 Re8 27. Re2 Nc5 28. Qd4 Qb5 29. Rae1 Nb3 30. Nxb3 Bxe1 31. Rxe1 Qxb3 32. e6 Rf6 33. Nf4 Rf5 34. Rc1 Re7 35. h4 Qf3 36. Re1 Rxf4 37. Qxf4 Qxf4 38. gxf4 g6 39. h5 Kg7 40. Re5 d4 41. hxg6 Kxg6 42. f5+ Kf6 43. Rd5 h5 44. Kg2 Rg7+ 45. Kf3 h4 46. Rxd4 Kxf5 47. Rd7 Rg8 48. e7 Re8 49. Rxb7 Kf6 50. Kg4 Rh8 51. Rd7 Rb8 52. Kxh4 Kf7 53. Ra7 Rb4+ 54. Kg3 Rb5 55. Rxa6 Kxe7 56. f4 Kf7 57. Kg4 Kg7 58. f5 Rb1 59. Rg6+ Kf7 60. a6 Ra1 61. Rb6 Kg7 62. Kg5 Rg1+ 63. Kf4 Kf7 64. Ke4 1-0


[Site "http://www.Chess.com"]

[Event "FIDE World Rapid Chess Championship 2021"]
[White "Paravyan, David"]
[Black "Mastrovasilis, Dimitrios"]
[WhiteFideId "4194985"]
[BlackFideId "4202694"]
[WhiteElo "2671"]
[BlackElo "2534"]
[Result "1-0"]
[Round "05"]
[TimeControl "900+10"]
[Date "2021.12.26"]
[WhiteClock "0:03:24"]
[BlackClock "0:00:22"]

1. e4 e5 2. Nf3 Nc6 3. Nc3 Nf6 4. d4 exd4 5. Nxd4 Bb4 6. Nxc6 bxc6 7. Bd3 d5 8. exd5 O-O 9. O-O cxd5 10. Bg5 c6 11. Qf3 Bd6 12. h3 Rb8 13. b3 Be5 14. Bf4 Bxc3 15. Bxb8 Bxa1 16. Rxa1 Bg4 17. hxg4 Qxb8 18. Re1 h6 19. g3 Re8 20. Rxe8+ Qxe8 21. Qf4 Qd8 22. b4 Kf8 23. a4 Ne8 24. a5 Qe7 25. Kf1 Nc7 26. Bf5 Ke8 27. Qd4 Ne6 28. Qc3 Kd7 29. Qxg7 Kc7 30. Qxh6 Qxb4 31. Qf6 Nd8 32. Qe5+ Qd6 33. Qe8 Kb7 34. g5 Ka6 35. Qe1 c5 36. Bc8+ Kb5 37. a6 c4 38. Qb1+ Qb4 39. Bd7+ Kc5 40. Qxb4+ Kxb4 41. f4 d4 42. Ke1 Kc3 43. Kd1 Kb2 44. Kd2 d3 45. c3 1-0


[Site "http://www.Chess.com"]

[Event "FIDE World Rapid Chess Championship 2021"]
[White "Demchenko, Anton"]
[Black "Narayanan.S.L, "]
[WhiteFideId "4160258"]
[BlackFideId "5058422"]
[WhiteElo "2666"]
[BlackElo "2482"]
[Result "1/2-1/2"]
[Round "05"]
[TimeControl "900+10"]
[Date "2021.12.26"]
[WhiteClock "0:00:00"]
[BlackClock "0:02:52"]

1. e4 e5 2. Nf3 Nc6 3. Bc4 Bc5 4. d3 Nf6 5. Nc3 h6 6. O-O O-O 7. h3 a6 8. Be3 d6 9. Bxc5 dxc5 10. a4 Qd6 11. Nd2 Nd4 12. Ne2 Re8 13. Ng3 Bd7 14. c3 Nc6 15. a5 Ne7 16. Qf3 Be6 17. Bxe6 Qxe6 18. Qe3 Rad8 19. Rfd1 Ng6 20. Nf3 c4 21. d4 exd4 22. Nxd4 Qe5 23. Re1 Qf4 24. Ra4 Qxe3 25. Rxe3 c5 26. Nf3 Rd1+ 27. Kh2 Rb1 28. Ra2 Rd8 29. e5 Nd5 30. Re4 Ndf4 31. Rxc4 Nd3 32. b3 1/2-1/2


[Site "http://www.Chess.com"]

[Event "FIDE World Rapid Chess Championship 2021"]
[White "Michalik, Peter"]
[Black "Matlakov, Maxim"]
[WhiteFideId "14907526"]
[BlackFideId "4168003"]
[WhiteElo "2515"]
[BlackElo "2652"]
[Result "0-1"]
[Round "05"]
[TimeControl "900+10"]
[Date "2021.12.26"]
[WhiteClock "0:00:57"]
[BlackClock "0:00:57"]

1. d4 Nf6 2. c4 e6 3. Nc3 Bb4 4. e3 O-O 5. Bd3 d5 6. Nf3 dxc4 7. Bxc4 c5 8. O-O Nc6 9. dxc5 Bxc5 10. b3 a6 11. Bb2 b5 12. Bd3 Nb4 13. Bb1 Bb7 14. a3 Nbd5 15. Qc2 Nxc3 16. Bxc3 Ne4 17. Nd2 f5 18. Nxe4 Bxe4 19. Qb2 Bb7 20. Be5 Qd5 21. f3 Bxe3+ 22. Kh1 Rfd8 23. Bxg7 Bd4 24. Bxd4 Qxd4 25. Qxd4 Rxd4 26. Bc2 Rc8 27. Rfd1 Rd5 28. Rxd5 Bxd5 29. Bd1 Rc3 30. Rb1 Kf7 31. Kg1 Kf6 32. Kf2 Ke5 33. a4 b4 34. a5 Kd4 35. Be2 Rc2 36. Ke1 Ra2 37. Rd1+ Kc3 38. Rd3+ Kc2 39. Rd2+ Kxb3 40. Rxa2 Kxa2 41. Bxa6 b3 42. Kd2 b2 43. Bd3 b1=Q 44. Bxb1+ Kxb1 45. a6 Kb2 46. a7 Kb3 47. Kd3 e5 48. g4 fxg4 49. fxg4 Kb4 50. g5 Kc5 51. h4 Kd6 0-1


[Site "http://www.Chess.com"]

[Event "FIDE World Rapid Chess Championship 2021"]
[White "Maghsoodloo, Parham"]
[Black "Sjugirov, Sanan"]
[WhiteFideId "12539929"]
[BlackFideId "4189302"]
[WhiteElo "2512"]
[BlackElo "2634"]
[Result "1-0"]
[Round "05"]
[TimeControl "900+10"]
[Date "2021.12.26"]
[WhiteClock "0:01:10"]
[BlackClock "0:00:30"]

1. d4 d5 2. c4 e6 3. Nc3 Nf6 4. cxd5 exd5 5. Bg5 c6 6. e3 h6 7. Bh4 Be7 8. Bd3 O-O 9. Nge2 Re8 10. Qc2 Nbd7 11. Rb1 Nh5 12. Bxe7 Qxe7 13. b4 a6 14. a4 Nhf6 15. O-O Nb6 16. a5 Nbd7 17. Ng3 Nf8 18. Na4 h5 19. Rfe1 h4 20. Nf1 h3 21. g3 Ne6 22. f3 Ng5 23. Qf2 Be6 24. g4 Rad8 25. Nd2 g6 26. Qh4 Nfh7 27. Nc5 Bc8 28. f4 Ne4 29. Qxe7 Rxe7 30. Bxe4 dxe4 31. g5 f6 32. gxf6 Nxf6 33. Kf2 Bf5 34. Nc4 Kg7 35. Ne5 Nd5 36. Rg1 Rh8 37. Rg5 Kf6 38. Na4 Rg7 39. Nb6 Nc7 40. Rbg1 Rhg8 41. Ng4+ Bxg4 42. R1xg4 Nb5 43. Re5 Re7 44. Rgg5 Nd6 45. d5 Rxe5 46. Rxe5 Rd8 47. dxc6 bxc6 48. Rc5 Nf5 49. Rxc6+ Kg7 50. Rc7+ Kh6 51. Rd7 Re8 52. b5 1-0


[Site "http://www.Chess.com"]

[Event "FIDE World Rapid Chess Championship 2021"]
[White "Predke, Alexandr"]
[Black "Erigaisi, Arjun"]
[WhiteFideId "24107581"]
[BlackFideId "35009192"]
[WhiteElo "2630"]
[BlackElo "2397"]
[Result "1-0"]
[Round "05"]
[TimeControl "900+10"]
[Date "2021.12.26"]
[WhiteClock "0:03:44"]
[BlackClock "0:04:55"]

1. d4 d5 2. c4 e6 3. Nc3 c6 4. e4 dxe4 5. Nxe4 Bb4+ 6. Bd2 Qxd4 7. Bxb4 Qxe4+ 8. Be2 Na6 9. Ba5 f6 10. Nf3 b6 11. Nd2 Qf4 12. Bh5+ g6 13. Bf3 Bb7 14. Bc3 O-O-O 15. O-O Qc7 16. a4 e5 17. b4 Ne7 18. b5 Nc5 19. a5 cxb5 20. axb6 axb6 21. Ra7 Rd3 22. Bxb7+ Kb8 23. Ra8+ Kxb7 24. Rxh8 bxc4 25. Qa1 Nc8 26. Qa3 b5 27. Rb1 Na7 28. Nxc4 Ne4 29. Ra1 1-0


[Site "http://www.Chess.com"]

[Event "FIDE World Rapid Chess Championship 2021"]
[White "Shevchenko, Kirill"]
[Black "Santos Latasa, Jaime"]
[WhiteFideId "14129574"]
[BlackFideId "2293307"]
[WhiteElo "2508"]
[BlackElo "2618"]
[Result "1/2-1/2"]
[Round "05"]
[TimeControl "900+10"]
[Date "2021.12.26"]
[WhiteClock "0:00:02"]
[BlackClock "0:05:11"]

1. e4 e5 2. Nf3 Nc6 3. Bb5 a6 4. Ba4 Nf6 5. O-O Be7 6. Bxc6 dxc6 7. d3 Nd7 8. Nbd2 O-O 9. Nc4 f6 10. Nh4 Nc5 11. Nf5 Bxf5 12. exf5 Qd7 13. Qf3 Qd5 14. Qg4 Rfe8 15. Re1 b5 16. Nd2 a5 17. h4 Kh8 18. h5 h6 19. Ne4 Nxe4 20. dxe4 Qc4 21. Qe2 Qxe2 22. Rxe2 a4 23. Be3 Red8 24. Rc1 Kg8 25. Kf1 Kf7 26. Ree1 Rab8 27. Red1 Rxd1+ 28. Rxd1 Ke8 29. Ke2 c5 30. f4 Bd6 31. Rd5 c4 32. fxe5 Bxe5 33. Bd4 Bf4 34. e5 c6 35. Rd6 c5 36. Kf3 Bxe5 37. Bxe5 fxe5 38. Rd5 a3 39. bxa3 Ra8 40. Ke4 Rxa3 41. Rxe5+ Kf7 42. Rxc5 Rxa2 43. Rxb5 1/2-1/2


[Site "http://www.Chess.com"]

[Event "FIDE World Rapid Chess Championship 2021"]
[White "Bellahcene, Bilel"]
[Black "Hovhannisyan, Robert"]
[WhiteFideId "696358"]
[BlackFideId "13302507"]
[WhiteElo "2397"]
[BlackElo "2613"]
[Result "0-1"]
[Round "05"]
[TimeControl "900+10"]
[Date "2021.12.26"]
[WhiteClock "0:00:07"]
[BlackClock "0:08:27"]

1. e4 e5 2. Nc3 Nc6 3. g3 Bc5 4. Bg2 d6 5. Nge2 f5 6. Na4 Nf6 7. exf5 Bxf5 8. O-O Qd7 9. d3 O-O-O 10. a3 Bh3 11. Bg5 Bxg2 12. Kxg2 h6 13. Bxf6 gxf6 14. b4 Bb6 15. Qd2 h5 16. Nxb6+ axb6 17. h4 f5 18. f4 Rhg8 19. a4 Rg4 20. a5 bxa5 21. bxa5 Nd4 22. Nxd4 exd4 23. Rf3 Qc6 24. Rf1 Re8 25. Kh3 Rg7 26. R1f2 Rge7 27. Qb4 Re3 0-1


[Site "http://www.Chess.com"]